Map: [G8] Dragon Scales

Players

Reynor

  • Race: Zerg Zerg
  • Spawn Location: 5:00

Classic - Winner!

  • Race: Protoss Protoss
  • Spawn Location: 11:00

Event: Gamers8 2023

VOD

Have the link to the VOD?

Description

Time

  • Played on: Aug. 3, 2023, 10:04 a.m.
  • Length: 45:05

All games in this series

Show
View Real Time Build Order
Export as new Build Order

Reynor Zerg 

Build Orders: Hatch First, Brood Lord Corruptor 

Get SALT Encoding   

  12  0:00  Drone  
  13  0:12  Overlord  
  13  0:16  Drone  
  14  0:30  Drone x2  
  16  0:43  Drone  
  17  0:52  Hatchery  
  17  0:53  Drone  
  17  0:58  Drone  
  18  1:07  Extractor  
  17  1:12  Spawning Pool  
  17  1:15  Drone  
  17  1:19  Drone  
  18  1:28  Drone  
  19  1:39  Drone  
  20  1:49  Overlord  
  20  1:59  Queen  
  22  2:03  Queen  
  22  2:04  Zergling x4  
  26  2:10  Drone  
  26  2:13  Metabolic Boost  
  26  2:14  Drone  
  28  2:21  Drone  
  29  2:25  Drone  
  30  2:33  Zergling x2  
  31  2:39  Queen  
  33  2:49  Hatchery  
  33  2:50  Overlord  
  32  2:52  Drone  
  32  2:55  Drone  
  32  2:56  Drone  
  35  3:00  Drone  
  35  3:10  Queen  
  37  3:13  Drone x2  
  37  3:14  Drone  
  37  3:16  Zergling x4  
  42  3:20  Overlord  
  42  3:22  Drone  
  42  3:25  Drone  
  44  3:34  Overlord  
  44  3:37  Queen  
  44  3:38  Drone  
  47  3:43  Drone  
  47  3:44  Drone  
  47  3:45  Overlord  
  47  3:46  Drone  
  50  3:51  Overlord  
  50  3:53  Drone x2  
  52  3:58  Overlord  
  52  4:00  Queen  
  54  4:03  Drone  
  54  4:05  Drone  
  54  4:06  Drone  
  54  4:09  Drone  
  58  4:10  Spore Crawler  
  58  4:11  Zergling x2  
  58  4:13  Zergling x4  
  58  4:16  Drone x2  
  62  4:21  Drone  
  63  4:25  Drone x2  
  63  4:30  Queen  
  66  4:31  Overlord  
  66  4:32  Drone  
  66  4:34  Drone  
  66  4:42  Drone x2  
  66  4:43  Drone x2, Roach Warren  
  68  4:46  Evolution Chamber, Drone  
  68  4:47  Drone  
  68  4:50  Drone x2  
  71  4:53  Drone  
  71  4:56  Drone x2  
  71  4:57  Overlord  
  73  5:05  Zergling x2  
  73  5:06  Extractor  
  73  5:08  Overlord  
  73  5:09  Drone  
  73  5:11  Lair  
  74  5:15  Drone x3  
  74  5:18  Extractor, Zerg Missile Weapons Level 1, Drone x3  
  74  5:20  Overlord  
  79  5:22  Drone x2  
  79  5:28  Overlord  
  81  5:29  Queen  
  81  5:30  Spore Crawler  
  81  5:32  Drone x2  
  84  5:44  Drone x4  
  84  5:47  Extractor, Hatchery, Spore Crawler  
  84  5:49  Roach  
  90  5:50  Roach x2  
  90  5:51  Roach  
  90  5:54  Roach  
  94  5:58  Roach  
  94  5:59  Queen  
  94  6:00  Drone  
  94  6:02  Drone x2  
  94  6:04  Drone x2  
  102  6:05  Spore Crawler  
  102  6:08  Extractor x2  
  102  6:10  Drone x3  
  102  6:11  Spore Crawler  
  102  6:12  Overlord  
  102  6:16  Queen  
  104  6:22  Spire  
  104  6:23  Queen  
  104  6:25  Drone  
  106  6:26  Drone  
  106  6:27  Drone  
  108  6:39  Queen  
  110  6:40  Overseer  
  110  6:42  Drone  
  110  6:43  Overlord  
  110  6:44  Drone x8  
  119  6:49  Spore Crawler  
  119  6:52  Overlord  
  118  6:54  Glial Reconstitution  
  118  6:57  Queen  
  118  6:59  Queen  
  121  7:02  Drone x2  
  121  7:03  Drone  
  121  7:06  Drone x2  
  120  7:16  Drone x3  
  120  7:17  Drone x3  
  120  7:18  Drone x2  
  120  7:19  Extractor  
  120  7:20  Extractor  
  126  7:25  Roach x2  
  126  7:26  Roach x5  
  126  7:27  Overlord  
  126  7:29  Roach x2  
  143  7:42  Drone x2  
  143  7:43  Overlord x2  
  144  7:45  Overlord  
  144  7:46  Drone x2  
  144  7:47  Drone x2  
  144  7:49  Zerg Flyer Weapons Level 1  
  144  7:50  Drone  
  144  7:51  Zerg Missile Weapons Level 2  
  149  7:52  Infestation Pit  
  149  7:57  Overlord  
  148  8:05  Roach x3, Zergling x2  
  153  8:06  Roach, Zergling x8  
  153  8:08  Ravager x6  
  153  8:09  Roach  
  153  8:11  Ravager x2  
  153  8:12  Ravager  
  171  8:15  Overlord  
  171  8:17  Roach x2, Zergling x4  
  169  8:28  Hive  
  169  8:29  Zergling x10  
  169  8:32  Overlord  
  167  8:36  Roach x3, Zergling x6  
  174  8:44  Baneling Nest  
  174  8:45  Drone x5  
  174  8:47  Spore Crawler  
  177  8:55  Zergling x8  
  179  8:56  Zergling x6  
  179  8:58  Hatchery  
  179  8:59  Overlord  
  183  9:03  Zergling x2  
  183  9:05  Ravager x2  
  183  9:07  Zergling x4  
  183  9:08  Zergling x8  
  192  9:10  Zergling x2  
  192  9:11  Zergling x4  
  195  9:22  Zergling x2  
  195  9:23  Zergling x8  
  200  9:27  Centrifugal Hooks  
  200  9:30  Baneling x5  
  200  9:31  Baneling  
  200  9:43  Greater Spire  
  200  9:45  Adrenal Glands  
  200  9:50  Baneling x4  
  200  9:51  Baneling x3  
  199  9:55  Evolution Chamber  
  198  10:01  Baneling x4  
  198  10:08  Drone  
  198  10:11  Zerg Melee Weapons Level 1  
  195  10:34  Corruptor x4  
  195  10:35  Corruptor  
  191  10:36  Corruptor x3  
  191  10:42  Spore Crawler  
  194  10:43  Spore Crawler x4  
  194  10:44  Spore Crawler  
  194  10:46  Zergling x8  
  176  11:08  Brood Lord x7  
  176  11:09  Brood Lord, Spore Crawler  
  176  11:10  Zerg Flyer Weapons Level 2, Spore Crawler  
  176  11:11  Spore Crawler  
  189  11:12  Drone x8  
  189  11:13  Zergling x2  
  189  11:14  Zergling x4  
  188  11:48  Zergling x14  
  188  11:54  Roach x4, Zergling x6  
  184  12:06  Zergling x12  
  184  12:07  Corruptor x3  
  170  12:11  Corruptor x3  
  170  12:13  Drone x3  
  170  12:14  Drone x4  
  170  12:15  Extractor  
  178  12:16  Extractor  
  178  12:17  Spore Crawler  
  178  12:18  Baneling x3, Spore Crawler  
  178  12:21  Queen x2  
  178  12:22  Zerg Melee Weapons Level 2  
  179  12:27  Drone x3  
  179  12:28  Drone x3  
  179  12:29  Spine Crawler  
  184  12:30  Zergling x6, Spore Crawler  
  184  12:31  Spine Crawler  
  184  12:33  Spore Crawler  
  184  12:38  Brood Lord x3  
  184  12:43  Brood Lord x3  
  194  12:48  Drone x3  
  195  12:52  Hydralisk Den, Baneling  
  195  12:53  Baneling x18  
  195  12:54  Zergling x12  
  195  12:58  Spine Crawler x2  
  199  13:03  Zerg Ground Armor Level 1  
  199  13:04  Ultralisk Cavern  
  197  13:07  Spine Crawler, Drone x3  
  197  13:10  Spine Crawler  
  198  13:13  Zergling x4  
  198  13:17  Hatchery  
  188  13:36  Zergling x20  
  197  13:41  Drone  
  197  13:48  Baneling x6  
  194  13:55  Spire  
  193  13:56  Zerg Flyer Armor Level 1  
  193  13:57  Chitinous Plating  
  193  14:00  Drone x3  
  196  14:03  Hatchery, Spine Crawler  
  196  14:04  Spore Crawler  
  184  14:27  Ultralisk x2  
  193  14:34  Zergling x8  
  197  14:41  Baneling x10  
  197  14:46  Zerg Melee Weapons Level 3  
  197  14:50  Overlord x2  
  197  14:51  Overlord  
  194  15:04  Zergling x2  
  194  15:06  Overlord  
  187  15:15  Hatchery  
  182  15:22  Zergling x22  
  192  15:35  Burrow  
  189  15:40  Viper x2  
  195  15:42  Baneling  
  195  15:43  Baneling x6  
  195  15:47  Zergling x12  
  197  15:52  Zerg Flyer Armor Level 2  
  197  15:54  Drone x2  
  197  15:56  Extractor  
  198  16:03  Anabolic Synthesis  
  196  16:06  Zergling x6  
  196  16:08  Hatchery  
  198  16:21  Baneling x2  
  198  16:22  Baneling x5  
  198  16:23  Baneling x2  
  198  16:24  Pathogen Glands  
  198  16:26  Drone  
  198  16:31  Zerg Ground Armor Level 2  
  199  16:33  Spore Crawler x3  
  199  16:34  Spore Crawler  
  199  16:37  Drone x2  
  199  16:38  Drone x2  
  199  16:39  Hatchery  
  198  16:53  Pneumatized Carapace  
  198  16:57  Overseer x4  
  195  17:28  Corruptor  
  195  17:29  Corruptor x7  
  196  17:40  Hatchery  
  192  17:45  Extractor  
  192  17:46  Extractor  
  192  17:47  Queen x3  
  192  17:48  Queen x5  
  192  17:50  Zergling x18  
  192  18:00  Zergling x14  
  195  18:11  Corruptor x3  
  198  18:27  Hatchery  
  198  18:32  Greater Spire  
  197  18:35  Hatchery  
  197  18:37  Corruptor  
  197  18:40  Hatchery  
  197  18:49  Baneling  
  197  18:50  Zerg Ground Armor Level 3, Baneling x3  
  197  18:55  Corruptor  
  197  18:57  Spore Crawler x2  
  197  18:58  Spore Crawler x2  
  197  18:59  Spore Crawler  
  186  19:18  Zergling x14  
  186  19:20  Zergling x16  
  186  19:21  Zergling x2  
  186  19:24  Zergling x8  
  200  19:47  Baneling  
  200  19:48  Baneling x7  
  195  20:35  Zergling x20  
  191  20:41  Spore Crawler x2  
  170  21:02  Corruptor x2  
  166  21:11  Corruptor x3  
  166  21:12  Corruptor x3  
  166  21:13  Corruptor x2  
  182  21:19  Overlord  
  182  21:20  Hatchery  
  182  21:25  Zergling x14  
  184  21:38  Infestor x3  
  187  21:59  Corruptor x2  
  189  22:04  Viper  
  189  22:05  Spore Crawler  
  189  22:07  Spore Crawler  
  189  22:09  Spore Crawler, Drone x3  
  189  22:10  Drone x5  
  189  22:12  Extractor x2  
  194  22:17  Overlord x2  
  194  22:18  Spore Crawler  
  183  22:38  Drone x2  
  183  22:42  Ultralisk  
  191  22:44  Ultralisk  
  191  22:45  Zergling x6  
  200  22:59  Overseer  
  200  23:01  Baneling x3  
  200  23:02  Baneling x3  
  200  23:10  Drone x2  
  200  23:11  Drone x7  
  199  23:14  Spore Crawler  
  199  23:16  Spore Crawler x2  
  199  23:18  Spore Crawler  
  192  23:30  Zergling x16  
  192  23:31  Zergling x2  
  192  23:32  Zergling x2  
  192  23:33  Zergling x16  
  199  23:54  Zerg Flyer Weapons Level 3  
  199  23:59  Baneling  
  199  24:00  Baneling x2  
  196  24:30  Zergling x12  
  191  24:39  Zergling x12  
  191  24:40  Zergling x6  
  195  24:47  Baneling x5  
  195  24:52  Drone x4  
  194  25:17  Overseer  
  194  25:20  Ultralisk x2  
  194  25:36  Ultralisk  
  194  25:38  Neural Parasite  
  197  26:18  Overseer x2  
  197  26:23  Hatchery  
  196  26:31  Zerg Flyer Armor Level 3  
  196  26:36  Baneling x4  
  196  26:38  Corruptor  
  198  27:04  Spore Crawler  
  198  27:05  Spore Crawler  
  196  27:11  Zergling x6  
  196  27:12  Zergling x2  
  197  27:30  Zergling x2  
  197  27:31  Zergling x8  
  197  27:35  Spore Crawler  
  197  27:36  Spore Crawler  
  197  27:37  Spore Crawler  
  197  27:38  Spore Crawler  
  197  27:39  Zergling x2  
  197  27:40  Zergling x10  
  189  27:51  Zergling x26  
  191  27:52  Infestor x2  
  196  28:03  Ultralisk  
  196  28:11  Spore Crawler x2  
  196  28:12  Spore Crawler  
  193  28:26  Spore Crawler x2  
  191  28:27  Spore Crawler  
  191  28:30  Drone x3  
  191  28:31  Drone x6  
  191  28:33  Drone x3  
  189  28:36  Infestor x4  
  189  28:37  Corruptor x4  
  189  28:38  Corruptor x2  
  197  28:51  Infestor x2  
  200  29:12  Hatchery  
  194  29:44  Zergling x10  
  194  29:45  Zergling x10  
  192  30:10  Ultralisk  
  187  30:55  Hatchery  
  186  31:04  Drone  
  186  31:05  Drone x2  
  186  31:07  Extractor  
  186  31:09  Zergling x6  
  186  31:10  Zergling x12  
  197  31:17  Spore Crawler x2  
  195  31:18  Spore Crawler  
  195  31:19  Spore Crawler, Drone x3  
  195  31:22  Spore Crawler x2  
  194  31:27  Spore Crawler x2  
  192  31:45  Drone  
  192  31:46  Drone x7  
  200  32:11  Spore Crawler x3  
  200  32:12  Spore Crawler, Drone x3  
  200  32:13  Spore Crawler  
  200  32:14  Spore Crawler  
  197  32:16  Spore Crawler  
  197  32:17  Spore Crawler  
  197  32:21  Baneling x4  
  197  32:22  Baneling x5  
  195  32:34  Drone x2  
  195  32:35  Drone  
  198  32:39  Spore Crawler  
  198  32:40  Spore Crawler  
  198  32:41  Spore Crawler  
  192  33:03  Viper x2  
  198  33:06  Infestor x8  
  198  33:14  Drone x2  
  197  33:57  Zergling x6  
  194  34:49  Overlord x4  
  192  35:04  Zergling x18  
  178  35:16  Zergling x12  
  182  35:38  Ultralisk  
  173  36:05  Zergling x8  
  173  36:06  Zergling x4  
  157  36:32  Spore Crawler x2  
  157  36:33  Spore Crawler x2, Corruptor  
  157  36:34  Spore Crawler, Corruptor x3  
  157  36:35  Brood Lord  
  157  36:36  Brood Lord  
  157  36:37  Spore Crawler  
  157  36:38  Ultralisk x6  
  199  36:46  Spore Crawler  
  198  36:49  Hatchery  
  197  37:08  Overseer  
  197  37:23  Overseer x2  
  197  37:32  Infestor  
  198  38:09  Drone  
  134  39:27  Corruptor  
  134  39:28  Corruptor x7  
  114  39:34  Corruptor x2  
  104  39:41  Infestor  
  102  39:48  Infestor  
  104  40:07  Infestor x2  
  103  40:13  Drone x2  
  109  40:19  Viper  
  112  40:25  Drone  
  113  40:32  Infestor  
  115  40:40  Viper  
  116  41:03  Infestor x3  
  122  41:05  Ultralisk x6  
  122  41:08  Infestor x8  
  122  41:16  Infestor  
  124  41:26  Infestor  
  124  41:28  Ultralisk x6  
  124  41:31  Infestor x10  
  126  41:37  Infestor  
  128  41:41  Infestor x2  
  128  41:42  Infestor x8  
  128  41:52  Infestor  
  130  42:01  Infestor  
  132  42:08  Infestor  
  134  42:21  Infestor  
  140  42:57  Infestor  
  140  43:02  Ultralisk  
  142  43:06  Overseer  
  142  43:25  Ultralisk  
  148  43:55  Zergling x10  
  149  44:04  Zergling x2  
  149  44:09  Infestor x2  
  150  44:12  Infestor  
  150  44:15  Zergling x2  
Show
View Real Time Build Order
Export as new Build Order

Classic Protoss - Winner!

Build Orders: 1 Gate Expand, Oracle Opening, Carriers 

Get SALT Encoding   

  12  0:00  Probe  
  13  0:14  Pylon  
  13  0:17  Probe (Chrono Boost)  
  14  0:27  Probe (Chrono Boost)  
  15  0:32  Probe (Chrono Boost)  
  16  0:38  Gateway  
  16  0:44  Probe  
  16  0:48  Assimilator  
  17  0:56  Probe  
  18  1:08  Probe  
  19  1:20  Probe  
  20  1:27  Nexus  
  20  1:32  Probe  
  21  1:38  Cybernetics Core  
  21  1:44  Probe  
  22  1:49  Assimilator  
  22  1:53  Pylon  
  22  1:56  Probe  
  23  2:11  Probe  
  23  2:12  Adept (Chrono Boost)  
  26  2:18  Stargate  
  26  2:24  Probe  
  26  2:28  Warp Gate  
  27  2:35  Adept  
  27  2:36  Probe (Chrono Boost)  
  30  2:39  Probe (Chrono Boost)  
  31  2:48  Probe (Chrono Boost)  
  31  2:50  Probe (Chrono Boost)  
  33  2:53  Probe (Chrono Boost)  
  33  2:54  Probe (Chrono Boost)  
  40  3:05  Probe x2  
  40  3:07  Void Ray (Chrono Boost)  
  40  3:11  Pylon  
  41  3:17  Probe  
  41  3:18  Probe  
  43  3:20  Gateway  
  43  3:29  Probe  
  43  3:30  Probe  
  43  3:34  Oracle (Chrono Boost)  
  48  3:42  Pylon, Probe x2  
  50  3:49  Assimilator  
  50  3:51  Assimilator  
  50  3:54  Probe x2  
  52  4:02  Nexus  
  52  4:08  Probe x2  
  54  4:15  Fleet Beacon  
  54  4:20  Probe x2  
  56  4:27  Stargate  
  56  4:32  Pylon, Probe x2  
  58  4:44  Probe  
  58  4:45  Probe  
  60  4:50  Pylon  
  60  5:01  Carrier (Chrono Boost)  
  60  5:02  Probe x2  
  60  5:07  Shield Battery  
  68  5:09  Carrier (Chrono Boost)  
  68  5:14  Pylon, Probe  
  74  5:16  Probe x2  
  77  5:24  Twilight Council  
  77  5:27  Forge  
  77  5:28  Probe x2  
  79  5:29  Probe  
  79  5:35  Pylon  
  80  5:40  Probe x2  
  80  5:41  Probe  
  83  5:43  Blink  
  83  5:52  Gateway  
  83  5:53  Gateway  
  83  5:54  Probe x3  
  83  5:55  Assimilator  
  83  5:56  Protoss Ground Weapons Level 1 (Chrono Boost), Shield Battery  
  86  6:06  Gateway  
  86  6:07  Gateway  
  86  6:14  Gateway  
  86  6:17  Gateway  
  86  6:25  Stalker x2  
  86  6:29  Pylon  
  86  6:31  Pylon, Probe x3  
  93  6:41  Assimilator  
  93  6:43  Pylon  
  93  6:52  Stalker x4  
  101  7:04  Pylon  
  101  7:13  Nexus  
  101  7:16  Pylon  
  101  7:18  Stalker x5  
  101  7:19  Stalker x2  
  119  7:35  Pylon  
  123  7:42  Stalker  
  123  7:43  Stalker  
  113  7:53  Stalker x6  
  125  7:58  Templar Archives  
  125  8:01  Pylon  
  125  8:03  Shield Battery  
  125  8:04  Probe x3  
  128  8:06  Stalker x2  
  128  8:09  Protoss Ground Weapons Level 2 (Chrono Boost), Pylon  
  132  8:22  Stalker x4  
  140  8:27  Stalker  
  140  8:28  Stalker  
  136  8:34  Psionic Storm  
  134  8:41  Probe  
  134  8:42  Probe x3  
  134  8:45  Assimilator  
  134  8:46  High Templar x3  
  134  8:48  Assimilator  
  144  8:51  High Templar  
  144  8:53  Probe  
  147  8:56  Probe x3  
  147  8:58  Shield Battery  
  147  9:01  Shield Battery  
  150  9:06  Probe  
  151  9:11  Carrier (Chrono Boost)  
  151  9:13  Photon Cannon, Carrier (Chrono Boost)  
  151  9:14  Photon Cannon  
  157  9:24  Photon Cannon  
  163  9:32  Gateway  
  163  9:33  Photon Cannon  
  163  9:34  Protoss Air Weapons Level 1 (Chrono Boost)  
  163  9:40  Stalker x2  
  163  9:45  Stalker x4  
  175  9:56  High Templar  
  175  9:57  High Templar  
  179  10:01  Pylon  
  179  10:02  Archon  
  179  10:03  Photon Cannon x2  
  179  10:06  Photon Cannon  
  179  10:09  Photon Cannon  
  179  10:10  High Templar x2  
  179  10:13  Shield Battery  
  183  10:14  Archon  
  183  10:16  Nexus  
  183  10:17  Pylon  
  183  10:22  Stalker x2  
  183  10:28  Zealot x2  
  175  10:38  Probe x4  
  179  10:48  High Templar x4  
  187  10:50  Zealot x3  
  187  10:51  Zealot  
  187  10:53  Archon  
  189  11:02  High Templar, Protoss Ground Weapons Level 3 (Chrono Boost)  
  189  11:09  Photon Cannon  
  189  11:11  Pylon, High Templar  
  191  11:15  Archon  
  191  11:19  Archon  
  191  11:22  Stalker x2  
  185  12:05  Stalker x3  
  185  12:06  Carrier (Chrono Boost), Stalker x6  
  186  12:16  Pylon  
  186  12:18  Probe  
  186  12:19  Probe  
  188  12:34  Nexus, Probe x3  
  188  12:36  Pylon, Robotics Facility  
  191  12:40  High Templar x2  
  192  12:46  Archon  
  192  12:53  Stargate  
  192  12:55  Nexus  
  192  12:57  Photon Cannon  
  192  12:58  Protoss Air Weapons Level 2 (Chrono Boost)  
  192  12:59  Photon Cannon  
  192  13:01  Photon Cannon  
  192  13:04  Stargate  
  192  13:11  Charge  
  192  13:21  Stalker x2  
  186  13:29  Stalker x3  
  186  13:30  Stalker x2  
  182  13:43  Protoss Shields Level 1  
  182  13:48  Probe x4  
  178  13:50  Tempest x2 (Chrono Boost)  
  188  13:59  Observer (Chrono Boost)  
  192  14:03  Oracle (Chrono Boost)  
  192  14:11  Cybernetics Core, Probe  
  192  14:12  Probe x4  
  197  14:24  Probe  
  198  14:25  Gateway  
  198  14:26  Stalker  
  198  14:40  Pylon  
  198  14:52  Assimilator, Stargate  
  198  14:54  Stargate  
  196  15:04  Protoss Air Armor Level 1 (Chrono Boost)  
  194  15:09  Sentry  
  194  15:13  Immortal (Chrono Boost)  
  188  15:17  Probe x5  
  185  15:33  Mothership (Chrono Boost)  
  185  15:34  Robotics Facility  
  185  15:38  Assimilator  
  185  15:42  Photon Cannon  
  193  15:44  Shield Battery  
  193  15:45  Protoss Air Weapons Level 3 (Chrono Boost)  
  193  15:50  Immortal  
  193  15:57  Photon Cannon  
  197  15:59  Photon Cannon  
  197  16:01  Pylon  
  195  16:09  Tempest  
  198  16:15  High Templar  
  200  16:19  Photon Cannon  
  200  16:21  Photon Cannon  
  200  16:42  Photon Cannon  
  200  16:44  Shield Battery  
  198  16:51  Photon Cannon  
  198  16:54  Photon Cannon  
  198  16:56  Shield Battery  
  198  17:00  Pylon  
  198  17:02  Nexus  
  198  17:05  Pylon, High Templar  
  194  17:38  Tempest (Chrono Boost)  
  175  18:02  Tempest x2 (Chrono Boost)  
  175  18:03  Tempest (Chrono Boost)  
  174  18:21  Carrier x2 (Chrono Boost)  
  174  18:24  Pylon, Carrier (Chrono Boost)  
  174  18:26  Photon Cannon  
  174  18:28  Photon Cannon  
  174  18:29  Photon Cannon  
  174  18:31  Photon Cannon  
  174  18:32  High Templar x2  
  174  18:33  High Templar x2, Shield Battery  
  174  18:34  High Templar x4, Shield Battery  
  184  18:36  Protoss Air Armor Level 2  
  184  18:37  Probe x3  
  184  18:38  Archon, Probe  
  184  18:39  Archon  
  195  18:54  Assimilator  
  200  18:56  Photon Cannon  
  200  18:57  Photon Cannon  
  200  18:58  Assimilator  
  200  18:59  Photon Cannon  
  200  19:00  Photon Cannon  
  200  19:02  Shield Battery  
  200  19:06  Photon Cannon  
  200  19:08  Protoss Shields Level 2 (Chrono Boost), Pylon  
  200  19:16  Archon  
  200  19:26  Pylon  
  200  19:37  Photon Cannon, Immortal (Chrono Boost)  
  200  19:38  Photon Cannon  
  200  19:40  Photon Cannon  
  200  19:42  Photon Cannon  
  196  20:07  Immortal  
  196  20:12  Mothership (Chrono Boost)  
  198  20:44  Pylon  
  189  21:02  Tempest x3  
  182  21:12  Oracle  
  182  21:13  Oracle  
  182  21:14  Carrier  
  182  21:17  High Templar x2  
  198  21:19  Photon Cannon  
  198  21:21  Photon Cannon, Zealot x2  
  198  21:25  Zealot  
  192  21:45  Carrier  
  198  21:51  Pylon  
  198  22:00  Protoss Shields Level 3  
  187  22:02  Immortal x2 (Chrono Boost)  
  195  22:08  High Templar  
  195  22:10  High Templar  
  199  22:16  Pylon  
  199  22:24  Archon  
  199  22:36  Protoss Air Armor Level 3 (Chrono Boost)  
  199  22:42  Photon Cannon  
  199  22:44  Photon Cannon  
  199  22:45  Photon Cannon  
  199  22:46  Photon Cannon  
  199  22:48  Photon Cannon  
  199  22:49  Photon Cannon  
  199  22:59  Nexus  
  199  23:18  Assimilator  
  199  23:21  Assimilator  
  199  23:53  Pylon  
  199  23:56  Pylon  
  199  24:00  Photon Cannon  
  199  24:01  Photon Cannon  
  199  24:04  Photon Cannon  
  199  24:05  Photon Cannon  
  199  24:08  Shield Battery  
  199  24:11  Pylon  
  175  24:39  Immortal x2 (Chrono Boost), High Templar x2  
  187  24:48  Photon Cannon  
  187  24:55  High Templar x2  
  187  24:57  High Templar  
  193  25:05  Photon Cannon  
  193  25:06  Photon Cannon  
  193  25:10  Archon  
  179  25:24  Warp Prism  
  181  25:29  High Templar x2  
  181  25:33  Oracle x2  
  188  25:37  Photon Cannon  
  188  25:38  Photon Cannon  
  188  25:39  Immortal  
  188  25:40  Photon Cannon  
  188  25:42  Photon Cannon  
  192  26:01  Carrier  
  198  26:13  Shield Battery  
  198  26:23  Mothership (Chrono Boost)  
  198  26:33  Pylon  
  198  26:50  Zealot  
  200  26:57  Nexus  
  200  26:59  Photon Cannon  
  200  27:00  Photon Cannon  
  198  27:02  Photon Cannon  
  198  27:04  Photon Cannon  
  198  27:05  Photon Cannon  
  198  27:06  Photon Cannon  
  198  27:07  Photon Cannon  
  198  27:11  Photon Cannon  
  198  27:12  Photon Cannon  
  198  27:13  Robotics Bay  
  198  27:14  Shield Battery  
  198  27:16  Shield Battery  
  198  27:21  Oracle x2  
  180  27:55  Pylon, Immortal x2 (Chrono Boost)  
  180  28:08  Probe x3  
  180  28:09  Probe x2  
  180  28:10  Probe  
  186  28:13  High Templar x2  
  186  28:19  Oracle x2  
  190  28:23  Pylon  
  189  28:40  Archon  
  189  28:42  Zealot x3  
  193  28:51  Probe x5  
  198  29:03  Gravitic Boosters  
  198  29:08  High Templar  
  190  29:13  Pylon  
  190  29:27  Zealot x4  
  198  29:34  Zealot  
  200  29:41  Assimilator  
  200  29:43  Assimilator  
  192  30:11  High Templar x2  
  192  30:16  Probe x3  
  192  30:17  Probe x2  
  196  30:21  Photon Cannon  
  196  30:24  Photon Cannon  
  196  30:26  Shield Battery  
  192  30:51  Mothership (Chrono Boost)  
  178  31:06  Tempest (Chrono Boost)  
  183  31:15  Pylon  
  183  31:17  Pylon  
  183  31:21  Pylon  
  183  31:23  Pylon  
  183  31:25  Pylon  
  183  31:35  Observer x2  
  183  31:38  Tempest x2 (Chrono Boost)  
  185  32:19  Void Ray x3 (Chrono Boost)  
  197  32:22  Flux Vanes  
  197  32:29  Zealot  
  198  33:03  Observer  
  198  33:49  Pylon  
  198  34:23  Photon Cannon  
  198  34:24  Photon Cannon  
  189  34:45  Oracle  
  200  34:52  Void Ray  
  200  34:53  Void Ray  
  192  35:15  Archon  
  192  35:23  High Templar x2  
  199  35:45  Observer (Chrono Boost)  
  190  36:09  Void Ray x3  
  190  36:25  Observer  
  180  36:41  Zealot x2  
  196  36:52  Void Ray x3  
  196  36:59  Immortal (Chrono Boost)  
  196  37:04  Nexus  
  196  37:07  Pylon  
  197  37:26  Oracle  
  197  37:29  Oracle  
  200  37:35  Pylon  
  200  37:37  Shield Battery  
  200  37:39  Shield Battery  
  200  37:40  Shield Battery  
  200  37:43  Photon Cannon  
  196  37:55  Observer  
  196  38:08  Photon Cannon  
  196  38:32  Assimilator  
  196  38:35  Assimilator  
  196  38:41  High Templar x2  
  200  39:01  Disruptor  
  139  39:35  Void Ray  
  132  39:53  Photon Cannon  
  132  39:55  Photon Cannon, Observer  
  132  39:58  Zealot  
  138  40:01  Void Ray  
  138  40:04  Observer  
  138  40:25  Observer x2  
  144  40:29  Void Ray  
  144  40:35  Zealot x6  
  156  40:47  Oracle  
  162  41:13  Void Ray  
  162  41:20  Observer  
  162  41:21  High Templar  
  164  41:32  Observer  
  162  41:43  Immortal  
  166  42:13  Probe x5  
  171  42:44  Void Ray x2  
  183  43:03  Void Ray  
  183  43:07  High Templar x4  
  183  43:11  Archon  
  183  43:12  Archon  
  191  43:13  Oracle  
  198  44:01  Void Ray  
Tags
 
Add a new tag
Caveats
  • Supply blocks, unpowered buildings, or Contaminate may cause inaccurate times.
  • Supply counts are checked every 10 seconds.